 Dungeon Crawl Stone Soup version 0.25-a0-265-g7af84ae0ac (webtiles) character file.

Game seed: 16007453333759182758, levelgen mode: deterministic

438 Lanoc the Stinger (level 6, -4/49 HPs)
             Began as a Deep Dwarf Venom Mage on Dec 8, 2019.
             Was a Believer of Fedhas.
             Slain by a phantom (7 damage)
             ... on level 5 of the Dungeon.
             The game lasted 00:13:43 (4548 turns).

Lanoc the Stinger (Deep Dwarf Venom Mage)           Turns: 4548, Time: 00:13:44

Health: -4/49      AC:  4    Str: 16    XL:     6   Next: 69%
Magic:  9/9        EV: 14    Int: 17    God:    Fedhas [**....]
Gold:   165        SH:  0    Dex: 13    Spells: 3/9 levels left

rFire    . . .     SeeInvis .   j - staff of poison
rCold    . . .     Gourm    .   (no shield)
rNeg     . . .     Faith    .   w - +2 animal skin
rPois    +         Spirit   .   (no helmet)
rElec    .         Reflect  .   (no cloak)
rCorr    .         Harm     .   (no gloves)
MR       .....                  (no boots)
Stlth    ++........             k - amulet of magic regeneration
HPRegen  0.00/turn              x - +4 ring of strength
MPRegen  0.36/turn              (no ring)

@: non-regenerating
A: damage resistance, heal wounds, sense surroundings 1, no regeneration
a: Heal Wounds, Wall of Briars, Renounce Religion


You were on level 5 of the Dungeon.
You worshipped Fedhas.
Fedhas was pleased with you.
You were not hungry.

You visited 2 branches of the dungeon, and saw 6 of its levels.

You collected 255 gold pieces.
You spent 90 gold pieces at shops.

Inventory:

Hand Weapons
 v - a +4 dagger of speed
Missiles
 r - 3 datura-tipped darts
 s - 20 poisoned darts (quivered)
Armour
 w - a +2 animal skin (worn)
Magical Staves
 j - an uncursed staff of poison (weapon)
 y - an uncursed staff of energy
Jewellery
 k - an amulet of magic regeneration (around neck)
 x - a +4 ring of strength (left hand)
Wands
 n - a wand of iceblast (9)
Scrolls
 b - 3 scrolls of identify {unknown}
 d - 8 scrolls of remove curse {unknown}
 g - a scroll of enchant weapon {unknown}
 h - 3 scrolls of teleportation {unknown}
 i - 2 scrolls of blinking {unknown}
 l - a scroll of fear {unknown}
 m - 2 scrolls of amnesia {unknown}
 q - a scroll of enchant armour {unknown}
 t - a scroll of noise {unknown}
Potions
 a - a potion of resistance {unknown}
 e - 5 potions of brilliance
 f - a potion of berserk rage
 o - a potion of haste {unknown}
 p - a potion of flight {unknown}
 u - a potion of lignification {unknown}
Comestibles
 c - 10 rations


   Skills:
 + Level 4.7 Dodging
 - Level 2.4 Stealth
 + Level 2.2 Spellcasting
 - Level 0.8 Transmutations
 * Level 5.2 Poison Magic


You had 3 spell levels left.
You knew the following spells:

 Your Spells              Type           Power        Failure   Level  Hunger
a - Sting                 Tmut/Pois      ###.         5%          1    #......
b - Poisonous Vapours     Pois/Air       ###...       10%         2    ###....
c - Ignite Poison         Fire/Tmut/Pois ##......     24%         3    ###....

Your spell library contained the following spells:

 Spells                   Type           Power        Failure   Level  Hunger
 Mephitic Cloud           Conj/Pois/Air  ##......     28%         3    ###....
 Olgreb's Toxic Radiance  Pois           ####....     22%         4    #####..


Dungeon Overview and Level Annotations

Branches:
Dungeon (5/15)             Temple (1/1) D:5

Altars:
Fedhas
Gozag
Hepliaklqana
Makhleb
Trog
Vehumet
Zin

Annotations:
D:3 3 runed translucent doors, Naga's ghost, weakling DEVM
D:4 2 runed translucent doors, FrozenTrovador's ghost, amateur HuNe


Innate Abilities, Weirdness & Mutations

You are resistant to damage.
You can heal yourself by infusing magical energy.
You passively map a small area around you.
You do not regenerate.


Message History

A frilled lizard comes into view.
A hound comes into view.
The phantom hits you!
* * * LOW HITPOINT WARNING * * *
The phantom blinks!
The phantom blinks!
There is a staircase to the Ecumenical Temple here.
Evoke which item? (* to show all) (? for menu, Esc to quit)
Aiming: Iceblast
Press: ? - help, Shift-Dir - straight line, f/p - phantom
Aim: a phantom (moderately damaged)
The mass of ice explodes!
The iceblast engulfs the phantom.
The phantom partially resists.
The phantom is heavily damaged.
The iceblast engulfs the hound!
The hound is severely wounded.
The hound bites you. The hound bites you but does no damage.
The phantom hits you!
You die...
Fedhas appreciates your contribution to the ecosystem.

* ,..... *............# ..
...#.# ............#
##.###.... ............#
...<....l.##########.....# ,
...ยง....#..........'.....#
.,..l.$.#........###.....#
...#...###.......# #..####
...........hW....# ##.#
,..#.....#.@...####.####### ,
, #..>..###.........>....## ,,
,#.....# ....#####..#....# ,
............$.............#..#
...#...###...##.######..###...
,.,,##...*...###.# #........#
##.. .......# #....##### ##.
......#####..#..# # .#
............#..## #


You could see a phantom, a hound and a frilled lizard.

Vanquished Creatures
  An ogre (D:4)
  A jelly (D:5)
  An orc priest (D:4)
  A centaur skeleton (D:4)
  An orc wizard (D:4)
  2 worker ants (D:4)
  Terence (D:3)
  Robin (D:4)
  A howler monkey skeleton (D:4)
  3 adders (D:3)
  2 oozes (D:1)
  6 worms
  A dart slug (D:1)
  5 leopard geckos
  9 orcs
  4 giant cockroaches
  11 goblins
  6 hobgoblins
  8 jackals (D:3)
  2 quokkas
  12 bats
  4 frilled lizards
  9 kobolds
  5 rats
97 creatures vanquished.

Vanquished Creatures (others)
  10 toadstools (D:2)
10 creatures vanquished.

Grand Total: 107 creatures vanquished

Notes
Turn   | Place    | Note
-------+----------+-------------------------------------------
     0 | D:1      | Lanoc the Deep Dwarf Venom Mage began the quest for the
                  | Orb.
     0 | D:1      | Reached XP level 1. HP: 15/15 MP: 3/3
     2 | D:1      | Noticed a dwarf
     2 | D:1      | Noticed a vine stalker
     4 | D:1      | Noticed a demigod
     6 | D:1      | Noticed a naga
     6 | D:1      | Noticed a gargoyle
     8 | D:1      | Noticed an octopode
     8 | D:1      | Noticed a centaur
    10 | D:1      | Noticed a draconian
    10 | D:1      | Noticed an elf
    12 | D:1      | Noticed a felid
    12 | D:1      | Noticed a human
    14 | D:1      | Noticed a merfolk
    14 | D:1      | Noticed a halfling
    16 | D:1      | Noticed a minotaur
    16 | D:1      | Noticed a vampire
    18 | D:1      | Noticed a ghoul
    18 | D:1      | Noticed an ogre
    21 | D:1      | Noticed a troll
    21 | D:1      | Noticed a tengu
    23 | D:1      | Noticed a demonspawn
    23 | D:1      | Noticed a spriggan
    27 | D:1      | Noticed a formicid
   142 | D:1      | Reached XP level 2. HP: 22/22 MP: 0/4
   306 | D:1      | Reached skill level 3 in Poison Magic
   483 | D:1      | Reached XP level 3. HP: 25/28 MP: 0/5
   663 | D:1      | Learned a level 2 spell: Poisonous Vapours
  1258 | D:2      | Found a blossoming altar of Fedhas.
  1276 | D:2      | Noticed an oklob plant
  1890 | D:2      | Became a worshipper of Fedhas Madash
  1980 | D:3      | Reached XP level 4. HP: 25/36 MP: 2/6
  2176 | D:3      | Found Zin's Purification Station.
  2181 | D:3      | Found a glowing silver altar of Zin.
  2184 | D:3      | Bought a potion of curing for 90 gold pieces
  2471 | D:3      | Learned a level 3 spell: Ignite Poison
  2622 | D:3      | Found a bloodstained altar of Trog.
  2622 | D:3      | Found an opulent altar of Gozag.
  2632 | D:3      | Reached skill level 4 in Poison Magic
  2689 | D:3      | Reached * piety under Fedhas
  2860 | D:3      | Found a runed translucent gate.
  2860 | D:3      | Found a runed translucent gate.
  2862 | D:3      | Found a runed translucent gate.
  2863 | D:3      | Noticed Naga's ghost (weakling DEVM)
  2920 | D:3      | Noticed Terence
  2922 | D:3      | Killed Terence
  2922 | D:3      | Reached XP level 5. HP: 18/42 MP: 2/7
  3357 | D:4      | Found a runed translucent door.
  3359 | D:4      | Noticed FrozenTrovador's ghost (amateur HuNe)
  3428 | D:4      | Noticed Robin
  3459 | D:4      | Killed Robin
  3639 | D:4      | Reached ** piety under Fedhas
  3639 | D:4      | Reached XP level 6. HP: 22/49 MP: 3/8
  3662 | D:4      | Found a radiant altar of Vehumet.
  4025 | D:4      | Found a runed translucent door.
  4124 | D:4      | Reached skill level 5 in Poison Magic
  4136 | D:4      | Found a burning altar of Makhleb.
  4228 | D:5      | Entered Level 5 of the Dungeon
  4512 | D:5      | Found a staircase to the Ecumenical Temple.
  4521 | Temple   | Entered the Ecumenical Temple
  4548 | D:5      | Slain by a phantom

Levels and vault maps discovered:
D:1:      kb_arrival_jail, layout_loops_ring
D:2:      layout_basic, serial_glass, glass_columns_a, glass_columns_c,
          glass_columns_c, glass_columns_a, glass_columns_a, glass_columns_a,
          glass_columns_a, glass_columns_c, tgw_fedhas
D:3:      layout_basic, zin_purify, chequers_temple_overflow_statue_of_worship,
          ebering_ghost_rock_garden, uniq_terence
D:4:      layout_loops_ring, vehumet_crystals, lemuel_coloured_pillars_altar,
          first_ration, ebering_ghost_sewer_f, uniq_robin
D:5:      layout_basic, minmay_temple_entry_tees,
          hangedman_abyss_or_decor_stagger
Temple:   dpeg_chambers_temple

Skill      XL: |  1  2  3  4  5  6 |
---------------+-------------------+-----
Poison Magic   | 3 4 5 |  5.2
Dodging        | 3 4 |  4.7
Spellcasting   | 2 |  2.2
Stealth        | |  2.4
Transmutations | |  0.8

Action                   |  1- 3 |  4- 6 || total
-------------------------+-------+-------++-------
Melee: Unarmed           |    38 |       ||    38
       Staff             |     7 |    86 ||    93
 Cast: Sting             |    60 |    71 ||   131
       Poisonous Vapours |     7 |    32 ||    39
Evoke: Wand              |       |     2 ||     2
  Use: Potion            |       |     3 ||     3
 Stab: Sleeping          |       |     1 ||     1
  Eat: Chunk             |     4 |    11 ||    15
       Ration            |       |     1 ||     1
Armor: Robe              |    12 |    17 ||    29
       Animal skin       |       |     6 ||     6
Dodge: Dodged            |    44 |    77 ||   121

Table legend:
 A = Non-vault XP
 B = Vault XP
 C = Vault XP percentage of total XP
 D = Non-vault monster count
 E = Vault monster count
 F = Vault count percentage of total count
                 A         B        C        D         E       F
            +---------+---------+-------+---------+---------+-------
      Total |     571 |      56 |   8.9 |      89 |       8 |   8.2
            +---------+---------+-------+---------+---------+-------
        D:1 |      52 |       0 |   0.0 |      26 |       0 |   0.0
        D:2 |      30 |       0 |   0.0 |      12 |       0 |   0.0
        D:3 |     119 |      30 |  20.1 |      38 |       1 |   2.6
        D:4 |     327 |      26 |   7.4 |      12 |       7 |  36.8
        D:5 |      43 |       0 |   0.0 |       1 |       0 |   0.0
            +---------+---------+-------+---------+---------+-------
